AoeStats
← ColdFront

Fortress

507949570Analyzed
4v4 RM · 13d ago on Sep 20, 2026· 48m 42s· 8 players
Game mode
Random Map
Map size
Huge
Population
200
Speed
Normal
Resources
Standard
Victory
Conquest
Starting age
Dark Age
Ending age
Imperial Age
RankedLock teamsTeams togetherTeam positionsShared explorationLock speedFull tech treeHidden civsTurbo modeCheats
Victory
Defeat
🇹🇼 Celts · Taiwan
991
+14
🇳🇱 Italians · Netherlands
972
+15
🇮🇳 Mongols · India
958
+15
🇨🇳 Romans · China
935
+15
🇺🇸 Persians · United States
953
-15
🇪🇸 Gurjaras · Spain
947
-15
🇮🇹 Huns · Italy
947
-15
🇩🇪 Teutons · Germany
921
-14
Miccit88
7:30 Feudal Age
7:56 Double-Bit Axe
7:53 Horse Collar
13:12 Stone Mining
15:48 Castle Age
14:29 Gold Mining
15:44 Forging
17:18 Bow Saw
17:31 Scale Barding Armor
17:35 Heavy Plow
19:28 Wheelbarrow
22:21 Marauders
26:24 Imperial Age
23:51 Loom
24:42 Hand Cart
25:46 Iron Casting
25:03 Fletching
25:16 Husbandry
25:56 Gold Shaft Mining
26:50 Caravan
27:38 Conscription
28:38 Chain Barding Armor
28:39 Cavalier
32:28 Elite Tarkan
35:01 Town Watch
36:49 Capped Ram
38:34 Blast Furnace
37:13 Elite Skirmisher
37:57 Padded Archer Armor
41:07 Plate Barding Armor
44:20 Bodkin Arrow
44:40 Leather Archer Armor
44:49 Ballistics
48:04 Squires
48:17 Pikeman
Flip
2:12 Loom
8:44 Feudal Age
10:22 Horse Collar
10:28 Double-Bit Axe
13:26 Castle Age
11:41 Gold Mining
14:03 Scale Barding Armor
14:10 Forging
15:02 Bloodlines
15:35 Bow Saw
18:28 Town Watch
19:24 Heavy Plow
20:44 Stone Mining
22:02 Ironclad
22:51 Ballistics
22:55 Squires
23:15 Scale Mail Armor
24:15 Chain Mail Armor
24:16 Fletching
24:53 Padded Archer Armor
26:02 Bodkin Arrow
26:49 Chain Barding Armor
27:26 Wheelbarrow
27:41 Town Patrol
28:00 Caravan
31:40 Imperial Age
29:46 Hand Cart
29:59 Fortified Wall
30:20 Elite Skirmisher
32:12 Leather Archer Armor
32:55 Crop Rotation
32:48 Conscription
33:19 Plate Barding Armor
32:28 Cavalier
34:01 Iron Casting
34:45 Plate Mail Armor
34:58 Stone Shaft Mining
34:52 Crenellations
34:11 Crossbowman
35:34 Hoardings
36:06 Chemistry
36:56 Two-Man Saw
37:27 Blast Furnace
37:34 Ring Archer Armor
37:37 Man-at-Arms
38:56 Siege Engineers
41:40 Bombard Tower
41:16 Paladin
Boni_5
5:02 Loom
7:34 Feudal Age
8:57 Horse Collar
9:04 Double-Bit Axe
15:54 Castle Age
15:13 Gold Mining
15:14 Stone Mining
15:43 Bloodlines
16:41 Husbandry
17:27 Forging
18:56 Bow Saw
18:51 Heavy Plow
22:36 Wheelbarrow
22:24 Town Watch
27:16 Imperial Age
26:08 Iron Casting
27:46 Ballistics
maoguai0714
8:41 Feudal Age
11:08 Loom
13:39 Castle Age
12:12 Double-Bit Axe
12:10 Horse Collar
16:50 Bloodlines
16:42 Husbandry
16:53 Forging
16:49 Scale Barding Armor
19:49 Bow Saw
20:12 Heavy Plow
22:20 Wheelbarrow
23:28 Gold Mining
25:01 Hand Cart
28:32 Imperial Age
29:06 Iron Casting
28:51 Chain Barding Armor
28:12 Cavalier
29:29 Masonry
29:16 Murder Holes
29:46 Conscription
30:26 Caravan
33:20 Blast Furnace
32:56 Plate Barding Armor
35:11 Chemistry
34:31 Ballistics
34:42 Architecture
34:25 Citadels
34:51 Hoardings
34:40 Hand Cart
35:35 Savar
36:38 Kamandaran
39:19 Thumb Ring
38:34 Crossbowman
41:27 Fletching
41:38 Padded Archer Armor
HardstyleHunter
10:00 Feudal Age
13:49 Castle Age
14:30 Double-Bit Axe
14:27 Horse Collar
17:14 Fletching
19:10 Bow Saw
20:47 Wheelbarrow
24:09 Imperial Age
21:55 Hand Cart
23:08 Loom
23:54 Bodkin Arrow
24:00 Padded Archer Armor
25:19 Silk Road
25:29 Gold Mining
25:29 Stone Mining
27:42 Ballistics
28:24 Chemistry
28:01 Conscription
28:04 Bracer
30:52 Two-Man Saw
29:53 Heavy Plow
32:02 Elite Genoese Crossbowman
33:00 Leather Archer Armor
33:28 Caravan
34:28 Scale Barding Armor
34:53 Ring Archer Armor
34:34 Forging
35:53 Chain Barding Armor
35:53 Bloodlines
36:43 Husbandry
36:04 Light Cavalry
37:26 Thumb Ring
37:09 Hussar
ColdFront
8:34 Feudal Age
7:20 Loom
12:37 Castle Age
10:57 Double-Bit Axe
10:57 Horse Collar
23:50 Wheelbarrow
23:20 Gold Mining
23:46 Bow Saw
23:52 Heavy Plow
24:53 Padded Archer Armor
24:45 Fletching
25:42 Hand Cart
30:45 Imperial Age
28:50 Leather Archer Armor
28:30 Bodkin Arrow
28:48 Forging
28:47 Scale Barding Armor
31:38 Iron Casting
31:22 Bloodlines
31:19 Husbandry
30:51 Elite Mangudai
31:52 Conscription
31:54 Drill
32:00 Conscription
32:01 Drill
32:17 Hoardings
32:05 Murder Holes
32:31 Ballistics
33:12 Chemistry
31:44 Light Cavalry
32:48 Bracer
33:36 Hussar
34:28 Siege Engineers
34:35 Fortified Wall
34:36 Masonry
35:33 Blast Furnace
35:03 Chain Barding Armor
35:35 Caravan
44:33 Capped Ram
46:47 Siege Ram
猫神TRACK
7:53 Feudal Age
8:21 Double-Bit Axe
8:20 Horse Collar
11:14 Gold Mining
14:54 Castle Age
13:09 Stone Mining
17:11 Bow Saw
17:12 Heavy Plow
16:58 Man-at-Arms
18:28 Squires
21:37 Town Watch
22:28 Wheelbarrow
21:39 Loom
21:55 Long Swordsman
23:35 Town Patrol
23:03 Pikeman
25:24 Forging
25:15 Scale Mail Armor
28:19 Imperial Age
28:21 Hand Cart
29:28 Conscription
28:32 Legionary
28:36 Halberdier
30:25 Gold Shaft Mining
30:22 Crop Rotation
32:17 Caravan
32:55 Iron Casting
32:36 Chain Mail Armor
31:55 Capped Ram
34:09 Comitatenses
34:14 Siege Ram
36:07 Blast Furnace
36:10 Scale Barding Armor
36:06 Padded Archer Armor
35:56 Fletching
38:27 Herbal Medicine
38:51 Elite Centurion
41:09 Sappers
41:46 Ballistas
42:41 Heavy Scorpion
火耗龜公
9:05 Feudal Age
13:00 Castle Age
11:00 Double-Bit Axe
11:27 Horse Collar
12:52 Loom
12:55 Town Watch
15:41 Wheelbarrow
16:15 Bow Saw
16:44 Heavy Plow
17:40 Heavy Plow
21:33 Treadmill Crane
24:31 Hand Cart
24:09 Stone Mining
26:13 Scale Mail Armor
26:32 Pikeman
27:52 Chain Mail Armor
31:43 Imperial Age
32:02 Halberdier
32:28 Arson
32:06 Elite Woad Raider
33:07 Conscription
32:09 Capped Ram
Connection lost

Rejoining the realm…

Still unreachable

The connection could not be restored.

Session expired

The server has moved on; the page needs a fresh start.